 Dungeon Crawl Stone Soup version 0.16.1-7-g2c6721e (console) character file.

3928 Monkaria the Protected (level 10, -6/88 HPs)
             Began as a Minotaur Skald on Mar 29, 2015.
             Was a Follower of Nemelex Xobeh.
             Killed from afar by an electric eel (14 damage)
             ... with a bolt of electricity
             ... on level 9 of the Dungeon.
             The game lasted 00:17:43 (10654 turns).

Monkaria the Protected (Minotaur Skald)            Turns: 10654, Time: 00:17:44

Health: -6/88      AC:  9    Str: 19    XL:     10   Next: 1%
Magic:  7/7        EV: 11    Int:  9    God:    Nemelex Xobeh [*.....]
Gold:   462        SH:  0    Dex: 11    Spells: 1 memorised, 10 levels left

rFire  + . .     SeeInvis .     a - +1 falchion (curse)
rCold  . . .     Clarity  .     f - +0 ring mail (curse)
rNeg   . . .     SustAb   .     (no shield)
rPois  +         Gourm    .     (helmet restricted)
rElec  .         Spirit   .     h - +0 cloak (curse)
rCorr  +         Warding  .     (no gloves)
rMut   .         Stasis   .     (no boots)
MR     .....                    i - amulet of resist corrosion
Stlth  +.........               M - ring of poison resistance
                                u - ring of protection from fire

@: not resistant to hostile enchantments, very unstealthy
A: retaliatory headbutt, horns 2
a: Renounce Religion


You were on level 9 of the Dungeon.
You worshipped Nemelex Xobeh.
Nemelex Xobeh was aware of your devotion.
You were not hungry.

You visited 2 branches of the dungeon, and saw 10 of its levels.
You also visited: Ossuary.

You collected 462 gold pieces.

Inventory:

Hand weapons
 a - a cursed +1 falchion (weapon)
Armour
 f - a cursed +0 ring mail (worn)
 h - a cursed +0 cloak (worn)
 L - a +0 chain mail
Jewellery
 i - an amulet of resist corrosion (around neck)
 u - a ring of protection from fire (left hand)
 M - a ring of poison resistance (right hand)
Magical devices
 b - a wand of frost (16)
 l - a wand of polymorph (5)
 n - a wand of enslavement (3)
 t - a wand of hasting (6)
 z - a wand of polymorph (13)
 K - a wand of flame (32)
 O - a wand of disintegration (12)
Scrolls
 e - 2 scrolls of recharging {unknown}
 k - 2 scrolls of enchant armour {unknown}
 m - 3 scrolls of remove curse
 p - 5 scrolls of enchant weapon
 q - 4 scrolls of teleportation
 s - 3 scrolls of amnesia
 v - 5 scrolls of fear
 y - 3 scrolls of magic mapping
 C - a scroll of fog {unknown}
 H - a scroll of random uselessness {unknown}
 I - a scroll of blinking
 J - a scroll of brand weapon {unknown}
 N - a scroll of identify
Potions
 j - 2 potions of brilliance
 o - 6 potions of might
 r - 2 potions of magic {unknown}
 x - a potion of resistance {unknown}
 A - a potion of flight {unknown}
 B - a potion of ambrosia {unknown}
 D - 2 potions of curing
 E - a potion of haste {unknown}
 R - a potion of mutation {unknown}
Books
 c - a book of Battle

   Spells                             Type                      Level
   a - Infusion                       Charms                       1
   b - Shroud of Golubria             Charms/Translocation         2
   c - Song of Slaying                Charms                       2
   d - Spectral Weapon                Hexes/Charms                 3
   e - Regeneration                   Charms/Necromancy            3
 w - a book of Clouds

   Spells                             Type                      Level
   a - Mephitic Cloud                 Conjuration/Poison/Air       3
   b - Conjure Flame                  Conjuration/Fire             3
   c - Poisonous Cloud                Conjuration/Poison/Air       6
   d - Freezing Cloud                 Conjuration/Ice/Air          6
   e - Ring of Flames                 Charms/Fire                  7
 F - a book of the Tempests

   Spells                             Type                      Level
   a - Static Discharge               Conjuration/Air              3
   b - Lightning Bolt                 Conjuration/Air              5
   c - Fireball                       Conjuration/Fire             5
   d - Tornado                        Air                          9
   e - Shatter                        Earth                        9
Miscellaneous
 P - a plain deck of escape
Comestibles
 d - 8 bread rations
 g - 2 meat rations
 G - a beef jerky
 Q - 3 chunks of flesh
 S - 4 fruits


   Skills:
 - Level 8.0 Fighting
 - Level 10.7 Long Blades
 + Level 11.1 Armour
 - Level 1.1 Dodging
 - Level 1.3 Spellcasting
 - Level 2.0 Charms


You had 10 spell levels left.
You knew the following spells:

 Your Spells              Type           Power        Failure   Level  Hunger
a - Infusion              Chrm           #.....       28%         1    ##.....


Dungeon Overview and Level Annotations

Branches:
Dungeon (9/15)             Temple (1/1) D:7            Lair (0/8) D:9
    Orc: D:9-12

Altars:
Ashenzari
Cheibriados
Dithmenos
Elyvilon
Fedhas
Gozag
Kikubaaqudgha
Makhleb
Nemelex Xobeh
Okawaru
Qazlal
Ru
Sif Muna
Trog
Xom
Yredelemnul
Zin
The Shining One
Lugonu

Shops:
D:4 [

Annotations:
D:7 Monkaria's ghost, experienced MiSk


Innate Abilities, Weirdness & Mutations

You reflexively headbutt those who attack you in melee.
You have a pair of horns on your head.


Message History

The bolt of electricity hits the plant.
The bolt of electricity hits you!
There is a stone staircase leading down here.
You see here a ring mail.
The electric eel shoots out a bolt of lightning at you!
The bolt of electricity hits you!
The electric eel shoots out a bolt of lightning at you!
The bolt of electricity misses you.
You closely miss the electric eel.
The electric eel shoots out a bolt of lightning at you!
The bolt of electricity hits you!
You closely miss the electric eel.
The electric eel shoots out a bolt of lightning at you!
The bolt of electricity hits you!
* * * LOW HITPOINT WARNING * * *
The electric eel shoots out a bolt of lightning at you!
The bolt of electricity hits you!
* * * LOW HITPOINT WARNING * * *
The bolt of electricity hits you!
You die...
Your body disappears without a glow.

#.......P ≈≈P
#......P. ♣≈P..
#.......P ≈. ≈≈..
#.......† .P≈P P≈.
#.....#.P .≈≈≈♣♣♣♣≈P#
#.....#.. #PP≈≈≈P≈P#
#.... ##. #P≈≈;P;.#
#.... #÷ #.P.P@P# .##
#÷ #.##..######## #÷
#....>........ #÷
#####.###############.
#.# #......... #.#
#.###..... #.# #.#
#.#<.. #.# #.###.####
#.# #.........


You could see 2 electric eels.

Vanquished Creatures
  2 yaks
  A deep elf fighter (D:9)
  An ice beast (D:5)
  2 orc warriors
  2 phantoms
  A sky beast (D:9)
  2 black bears (D:5)
  2 eyes of draining (D:4)
  A water moccasin (D:5)
  A centaur (D:5)
  2 ogres
  Sigmund (D:4)
  A big kobold (D:8)
  2 giant frogs
  5 killer bees
  7 scorpions
  2 crimson imps
  6 jellies
  4 hounds
  5 human zombies (Ossuary)
  5 worker ants
  A giant frog skeleton (D:7)
  2 iguanas (D:7)
  Natasha (D:5)
  5 orc priests
  6 orc wizards
  Terence (D:3)
  3 mummies (Ossuary)
  A worker ant zombie (D:5)
  5 adders
  A gnoll (D:4)
  6 river rats (D:9)
  2 scorpion zombies (Ossuary)
  2 giant mites
  2 worms (D:4)
  An adder skeleton (D:4)
  11 giant geckos
  24 orcs
  26 bats
  13 hobgoblins
  3 quokkas
  8 giant cockroaches
  2 giant gecko zombies (D:5)
  6 giant newts
  A gnoll zombie (Ossuary)
  11 goblins
  3 goblin zombies (Ossuary)
  A hobgoblin zombie (Ossuary)
  15 jackals
  16 kobolds
  3 kobold zombies (Ossuary)
  2 quokka skeletons (D:4)
  A quokka zombie (D:6)
  22 rats
  A ballistomycete (D:9)
263 creatures vanquished.

Vanquished Creatures (others)
  A yak (D:9)
  3 scorpions (Ossuary)
  An orc wizard (D:8)
  An orc (D:9)
  2 bats (D:9)
  A giant spore (D:9)
  A gnoll zombie (Ossuary)
10 creatures vanquished.

Grand Total: 273 creatures vanquished

Notes
Turn   | Place    | Note
--------------------------------------------------------------
     0 | D:1      | Monkaria, the Minotaur Skald, began the quest for the Orb.
     0 | D:1      | Reached XP level 1. HP: 18/18 MP: 2/2
   175 | D:1      | Reached skill level 3 in Long Blades
   179 | D:1      | Reached XP level 2. HP: 23/25 MP: 2/2
   701 | D:2      | Reached XP level 3. HP: 31/31 MP: 3/3
   959 | D:2      | Reached skill level 4 in Long Blades
  1195 | D:3      | Found a glowing golden altar of the Shining One.
  1304 | D:3      | Noticed a phantom
  1361 | D:3      | Killed a phantom
  1361 | D:3      | Reached skill level 5 in Long Blades
  1361 | D:3      | Reached XP level 4. HP: 19/40 MP: 4/4
  1361 | D:3      | Reached XP level 5. HP: 21/46 MP: 4/4
  1568 | D:3      | Noticed Terence
  1572 | D:3      | Killed Terence
  2145 | D:3      | Reached skill level 6 in Long Blades
  2784 | D:3      | Reached XP level 6. HP: 38/53 MP: 5/5
  3116 | D:4      | Found Goqeegas' Armour Boutique.
  3177 | D:4      | Reached skill level 5 in Fighting
  3355 | D:4      | Found a shimmering altar of Xom.
  3358 | D:4      | Found a basalt altar of Yredelemnul.
  3358 | D:4      | Found a blossoming altar of Fedhas.
  3369 | D:4      | Reached skill level 7 in Long Blades
  3756 | D:4      | Noticed Sigmund
  3767 | D:4      | Killed Sigmund
  3767 | D:4      | Reached XP level 7. HP: 44/61 MP: 6/6
  4135 | D:4      | Reached skill level 8 in Long Blades
  4250 | D:4      | Found a bloodstained altar of Trog.
  4582 | D:5      | Entered Level 5 of the Dungeon
  4606 | D:5      | Found a sand-covered staircase.
  4656 | Ossuary  | Entered an ossuary
  4742 | Ossuary  | Reached skill level 9 in Long Blades
  5097 | Ossuary  | Reached XP level 8. HP: 51/71 MP: 6/6
  5765 | Ossuary  | Reached skill level 10 in Long Blades
  6441 | D:5      | Found a shadowy altar of Dithmenos.
  6542 | D:5      | Noticed Natasha
  6553 | D:5      | Killed Natasha
  7415 | D:5      | Reached skill level 5 in Armour
  7415 | D:5      | Reached XP level 9. HP: 81/81 MP: 7/7
  7963 | D:6      | Found a shattered altar of Ashenzari.
  7969 | D:6      | Found a sacrificial altar of Ru.
  7972 | D:6      | Found an iron altar of Okawaru.
  8606 | D:7      | Noticed Monkaria's ghost (experienced MiSk)
  9075 | D:7      | Found a staircase to the Ecumenical Temple.
  9296 | Temple   | Entered the Ecumenical Temple
  9332 | Temple   | Became a worshipper of Nemelex Xobeh the Trickster
  9457 | D:8      | Received a gift from Nemelex Xobeh
  9632 | D:8      | Found a white marble altar of Elyvilon.
 10055 | D:8      | Received a gift from Nemelex Xobeh
 10191 | D:9      | Reached skill level 10 in Armour
 10498 | D:9      | Reached skill level 11 in Armour
 10534 | D:9      | Found a staircase to the Lair.
 10579 | D:9      | Reached XP level 10. HP: 38/88 MP: 7/7
 10654 | D:9      | Killed from afar by an electric eel

Action                   |  1- 3 |  4- 6 |  7- 9 | 10-12 || total
-------------------------+-------+-------+-------+-------++-------
Melee: Falchion          |   117 |   161 |   618 |     2 ||   898
       Unarmed           |       |     4 |       |       ||     4
Evoke: Wand              |       |     1 |     6 |       ||     7
       Deck              |       |       |     6 |       ||     6
  Use: Scroll            |     9 |       |     4 |       ||    13
       Potion            |       |     6 |     1 |       ||     7
 Stab: Confused          |       |       |     2 |       ||     2
  Eat: Chunk             |       |     9 |    16 |       ||    25
       Meat ration       |       |       |     1 |       ||     1
       Beef jerky        |       |       |     1 |       ||     1
